 Dungeon Crawl Stone Soup version 0.20-a0-1109-ge3cd172 (webtiles) character file.

79 Ijustatesigmund the Digger (level 4, -3/27 HPs)
             Began as a Gargoyle Earth Elementalist on May 5, 2017.
             Slain by a gnoll
             ... wielding a +0 spear
              (6 damage)
             ... on level 2 of the Dungeon.
             The game lasted 00:07:20 (2078 turns).

Ijustatesigmund the Digger (GrEE)                   Turns: 2078, Time: 00:07:21

Health: -3/27      AC:  8    Str:  9 (11) XL:     4   Next: 38%
Magic:  5/8        EV: 12    Int: 16      God:
Gold:   28         SH:  0    Dex: 10 (11) Spells: 5/9 levels left

rFire    . . .     SeeInvis .   a - +0 club
rCold    . . .     Gourm    .   (no shield)
rNeg     + . .     Faith    .   c - +1 robe
rPois    ∞         Spirit   .   (no helmet)
rElec    +         Reflect  .   (no cloak)
rCorr    .         Harm     .   (no gloves)
MR       .....                  (no boots)
Stlth    ++........             i - amulet of regeneration
Regen    0.5/turn               (no ring)
MPRegen  0.2/turn               (no ring)

@: no status effects
A: claws 1, molten scales 1, deterioration 1, negative energy resistance 1,
electricity resistance, unbreathing, petrification resistance, rot immunity, AC
+3
a: no special abilities


You were on level 2 of the Dungeon.
You were not hungry.

You visited 1 branch of the dungeon, and saw 3 of its levels.

You collected 28 gold pieces.

Inventory:

Hand Weapons
 a - a +0 club (weapon)
Missiles
 b - 131 stones (quivered)
Armour
 c - a +1 robe (worn)
Jewellery
 i - an amulet of regeneration (around neck)
Wands
 j - a wand of acid (7/15)
Scrolls
 f - a scroll of immolation
 h - a scroll of magic mapping {unknown}
Potions
 g - a potion of curing {unknown}
 k - a potion of agility {unknown}
Books
 e - a book of Geomancy

   Spells                             Type                      Level
   a - Sandblast                      Earth                        1
   b - Passwall                       Transmutation/Earth          2
   c - Stone Arrow                    Conjuration/Earth            3
   d - Petrify                        Transmutation/Earth          4
   e - Lee's Rapid Deconstruction     Earth                        5
Comestibles
 d - 2 bread rations


   Skills:
 + Level 2.5 Fighting
 - Level 1.5 Dodging
 - Level 2.1 Stealth
 + Level 3.1 Spellcasting
 + Level 1.2 Conjurations
   Level 0.7 Transmutations
 - Level 3.6 Earth Magic


You had 5 spell levels left.
You knew the following spells:

 Your Spells              Type           Power        Failure   Level  Hunger
a - Sandblast             Erth           ##....       4%          1    None
b - Stone Arrow           Conj/Erth      ##....       21%         3    ###....


Dungeon Overview and Level Annotations

Branches:
Dungeon (3/15)

Altars:


Innate Abilities, Weirdness & Mutations

You are resistant to torment.
Your stone body is resilient. (AC +3)
You are immune to poison.
You resist negative energy. (rN+)
You are resistant to electric shocks. (rElec)
You can survive without breathing.
You are immune to petrification.
You are immune to rotting.
You have sharp fingernails.
You are partially covered in molten scales. (AC +2)
Your body sometimes deteriorates upon taking damage.


Message History

* * * LOW HITPOINT WARNING * * *
You barely miss the hobgoblin.
The hobgoblin is moderately wounded.
The gnoll completely misses you. The gnoll barely misses you.
The gnoll hits you but does no damage. The hobgoblin hits you.
* * * LOW HITPOINT WARNING * * *
The gnoll barely misses you. The gnoll hits you but does no damage.
The gnoll barely misses you.
Casting: Sandblast
Confirm with . or Enter, or press ? or * to list all spells.
Aiming: Stone Arrow
Press: ? - help, Shift-Dir - straight line, f - hobgoblin
Aim: a hobgoblin (moderately wounded)
The stone arrow hits the hobgoblin.
You kill the hobgoblin!
The gnoll hits you.
* * * LOW HITPOINT WARNING * * *
Your body deteriorates!
You feel weakened. The gnoll hits you with a spear.
You die...

....# ##.........#.####
..### #.#########>.# ..#
#.# ##.# ..# ##+## #.# .##
##...## #.# .### ##.....##
##.## .#.## ##.......##
##...#
....####.......gg####....#
.......'.......)@†.......#
.....###........g####....#
.#.#.# ##.......## ##.#.#
.###.# ##.....## ###[#
..##.# ##...##### #.#
#.##.# ##......# #.#
#.##.# #.####.# #.# #.##.#
#.# #.# #.# .....##
##.####.######.#


You could see 3 gnolls.

Vanquished Creatures
  A gnoll (D:2)
  2 adders (D:2)
  An ooze (D:1)
  2 dart slugs (D:1)
  10 bats
  A giant cockroach (D:1)
  8 goblins
  7 hobgoblins
  3 kobolds
  2 frilled lizards
  7 rats
44 creatures vanquished.

Notes
Turn   | Place    | Note
-------+----------+-------------------------------------------
     0 | D:1      | Ijustatesigmund the Gargoyle Earth Elementalist began the quest for the Orb.
     0 | D:1      | Reached XP level 1. HP: 10/10 MP: 3/3
   251 | D:1      | Reached skill level 1 in Fighting
   251 | D:1      | Reached XP level 2. HP: 16/16 MP: 0/5
   763 | D:1      | Reached XP level 3. HP: 20/21 MP: 6/6
   768 | D:1      | Learned a level 3 spell: Stone Arrow
  1400 | D:2      | Gained mutation: Your body sometimes deteriorates upon taking damage. [potion of mutation]
  1400 | D:2      | Gained mutation: You are partially covered in molten scales. (AC +2) [potion of mutation]
  1400 | D:2      | Gained mutation: You have sharp fingernails. [potion of mutation]
  1743 | D:2      | Reached skill level 1 in Conjurations
  1743 | D:2      | Reached XP level 4. HP: 18/27 MP: 8/8
  2078 | D:2      | Slain by a gnoll

Vault maps used:
D:1:      dpeg_arrival_morbid_curiosity
D:3:      kennysheep_six_static_rooms, lemuel_blue_sif_altar, roderic_lattice_a,
          kennysheep_generic_room_2

Skill      XL: |  1  2  3 |
---------------+----------+-----
Fighting       | 1 2 |  2.5
Spellcasting   | 3 |  3.1
Conjurations   | 1 |  1.2
Dodging        | |  1.5
Stealth        | |  2.1
Transmutations | |  0.7
Earth Magic    | |  3.6

Action                   |  1- 3 |  4- 6 || total
-------------------------+-------+-------++-------
Melee: Club              |   127 |    63 ||   190
 Cast: Sandblast         |    17 |       ||    17
       Stone Arrow       |       |     1 ||     1
  Use: Scroll            |     4 |     1 ||     5
       Potion            |     1 |       ||     1
 Stab: Sleeping          |     2 |       ||     2
  Eat: Bread ration      |     1 |       ||     1
Armor: Robe              |    75 |    39 ||   114
Dodge: Dodged            |   133 |    79 ||   212
